Map: Jagannatha LE

Players

Reynor - Winner!

  • Race: Zerg Zerg
  • Spawn Location: 7:00

ShoWTimE

  • Race: Protoss Protoss
  • League: Grandmaster
  • Spawn Location: 1:00

Event: StayAtHome Story Cup #3

VOD

https://youtu.be/T4bChp0eaCo

Description

Time

  • Played on: March 11, 2021, 8:43 a.m.
  • Length: 12:10

All games in this series

Show
View Real Time Build Order
Export as new Build Order

Reynor Zerg - Winner!

Build Orders: Hatch First 

Get SALT Encoding   

  12  0:00  Drone  
  13  0:11  Overlord  
  13  0:16  Drone  
  14  0:30  Drone x2  
  16  0:48  Hatchery  
  15  0:52  Drone  
  15  0:56  Drone  
  17  0:59  Drone  
  18  1:09  Extractor  
  17  1:14  Spawning Pool  
  17  1:17  Drone  
  17  1:21  Drone  
  18  1:27  Drone  
  19  1:38  Drone  
  20  1:49  Overlord  
  20  2:01  Queen  
  20  2:02  Queen  
  20  2:03  Drone x2  
  26  2:11  Drone x2  
  28  2:20  Drone  
  28  2:21  Drone  
  30  2:33  Drone, Hatchery  
  30  2:34  Drone  
  31  2:40  Queen  
  33  2:46  Overlord  
  33  2:48  Drone  
  34  2:53  Zergling x2  
  34  2:54  Metabolic Boost  
  34  2:56  Drone  
  36  3:03  Overlord  
  36  3:05  Zergling x2  
  36  3:12  Spore Crawler  
  36  3:13  Drone x2  
  36  3:14  Drone  
  36  3:17  Queen  
  36  3:19  Overlord  
  42  3:21  Drone  
  43  3:28  Overlord  
  43  3:30  Queen  
  43  3:32  Drone  
  46  3:38  Drone  
  47  3:42  Drone  
  47  3:45  Queen  
  47  3:46  Drone x3  
  53  3:50  Drone x2  
  53  3:51  Drone  
  53  3:54  Drone  
  57  3:58  Queen  
  59  4:03  Overlord  
  59  4:05  Zergling x6  
  62  4:10  Drone  
  62  4:12  Drone x2  
  62  4:14  Drone  
  62  4:16  Overlord  
  66  4:22  Overlord  
  66  4:26  Drone x6  
  66  4:29  Lair  
  71  4:34  Overlord  
  71  4:36  Drone x2  
  71  4:38  Drone  
  73  4:42  Roach Warren  
  73  4:43  Extractor  
  73  4:44  Drone  
  71  4:45  Extractor  
  71  4:46  Drone  
  71  4:48  Queen  
  71  4:51  Drone x3  
  77  4:52  Drone  
  77  4:54  Drone  
  77  4:57  Overlord  
  77  4:59  Drone x2  
  80  5:01  Drone x2  
  80  5:03  Drone, Extractor  
  80  5:05  Extractor  
  80  5:06  Drone  
  82  5:07  Extractor  
  82  5:09  Drone x2  
  82  5:12  Queen  
  85  5:15  Overlord  
  85  5:16  Drone x2  
  87  5:23  Drone x2, Overlord  
  87  5:24  Queen  
  86  5:29  Drone x3  
  86  5:33  Drone x5  
  86  5:34  Drone  
  93  5:41  Queen  
  94  5:49  Roach x5  
  104  5:50  Nydus Network  
  104  5:55  Overlord  
  104  5:56  Roach  
  104  5:57  Roach  
  107  6:02  Queen  
  109  6:07  Roach x4  
  109  6:08  Overlord  
  117  6:12  Queen  
  117  6:15  Roach x2  
  117  6:18  Overlord  
  123  6:20  Ravager x3  
  123  6:22  Roach  
  123  6:23  Overlord  
  128  6:28  Nydus Canal  
  128  6:30  Zergling x2, Ravager x4  
  128  6:31  Zergling x6  
  128  6:32  Overlord  
  136  6:36  Ravager  
  136  6:38  Zergling x10  
  142  6:40  Ravager x2  
  142  6:41  Overlord  
  144  6:57  Roach x6  
  153  7:02  Ravager x2  
  153  7:05  Zergling x8, Roach x3  
  153  7:07  Queen  
  153  7:08  Queen  
  165  7:15  Queen  
  163  7:18  Nydus Canal  
  163  7:20  Roach x2  
  155  7:25  Zergling x2, Roach x3  
  135  7:30  Roach x3  
  135  7:36  Roach x4  
  150  7:37  Ravager x2  
  150  7:42  Roach x3  
  150  7:43  Queen  
  157  7:48  Roach x3  
  157  7:49  Roach  
  150  7:53  Zergling x2, Roach  
  151  7:59  Roach x2  
  151  8:05  Nydus Canal  
  150  8:07  Zergling x2, Roach  
  151  8:15  Zergling x2, Roach  
  146  8:21  Glial Reconstitution  
  146  8:22  Ravager x3  
  146  8:23  Evolution Chamber  
  146  8:24  Roach x3  
  154  8:31  Hatchery  
  152  8:36  Ravager x2  
  152  8:38  Drone x7  
  152  8:40  Queen x2  
  165  8:42  Ravager, Overlord  
  165  8:43  Overlord  
  165  8:46  Roach  
  162  8:53  Roach  
  152  8:57  Roach x2  
  152  9:02  Ravager x4  
  152  9:06  Queen, Zergling x2, Roach  
  152  9:08  Drone  
  158  9:10  Zerg Missile Weapons Level 1  
  158  9:14  Zergling x4, Roach x2  
  158  9:15  Queen  
  164  9:18  Roach  
  164  9:22  Roach  
  162  9:26  Zergling x2, Roach  
  157  9:34  Roach x2  
  159  9:40  Roach x4  
  159  9:45  Roach x2  
  166  9:49  Queen  
  170  9:52  Roach x2  
  170  9:57  Drone x3  
  170  9:59  Drone  
  174  10:06  Drone x2  
  176  10:07  Overlord  
  176  10:09  Drone  
  176  10:13  Evolution Chamber, Baneling Nest  
  171  10:15  Drone  
  171  10:19  Drone x2  
  171  10:21  Drone x4  
  177  10:24  Spore Crawler  
  177  10:30  Overlord  
  177  10:33  Ravager  
  177  10:34  Ravager x2  
  177  10:35  Zergling x18  
  189  10:43  Zergling x6  
  189  10:44  Hatchery  
  189  10:46  Zergling x2  
  189  10:48  Spore Crawler  
  191  10:52  Zergling x2  
  191  10:54  Drone x2  
  193  10:58  Zergling x8  
  193  11:01  Infestation Pit  
  169  11:05  Roach x5  
  169  11:06  Roach x5  
  169  11:11  Baneling x21  
  189  11:12  Zergling x4  
  189  11:14  Zergling x2  
  192  11:19  Baneling x5  
  192  11:22  Zergling x4  
  192  11:23  Zergling x2  
  189  11:33  Zergling x10  
  189  11:36  Zergling x12, Roach x4  
  195  11:43  Roach  
  184  11:48  Zergling x6, Roach  
Show
View Real Time Build Order
Export as new Build Order

ShoWTimE Protoss 

Build Orders: 1 Gate Expand, Oracle Opening, Archon Immortal 

Get SALT Encoding   

  12  0:00  Probe  
  13  0:12  Probe  
  14  0:18  Pylon  
  14  0:24  Probe (Chrono Boost)  
  15  0:36  Probe (Chrono Boost)  
  15  0:39  Gateway  
  16  0:45  Probe (Chrono Boost)  
  16  0:46  Assimilator  
  17  0:51  Probe  
  18  1:03  Probe  
  19  1:15  Probe  
  20  1:24  Nexus  
  20  1:27  Probe  
  21  1:37  Cybernetics Core  
  21  1:42  Assimilator  
  21  1:46  Probe  
  22  1:52  Pylon  
  22  1:58  Probe (Chrono Boost)  
  23  2:10  Probe (Chrono Boost)  
  23  2:13  Adept  
  26  2:16  Stargate  
  26  2:19  Probe (Chrono Boost)  
  27  2:23  Warp Gate  
  27  2:25  Probe (Chrono Boost)  
  30  2:37  Probe (Chrono Boost)  
  30  2:38  Probe (Chrono Boost)  
  30  2:43  Adept  
  33  2:45  Probe x2 (Chrono Boost)  
  33  2:50  Probe (Chrono Boost)  
  33  2:51  Probe  
  35  2:53  Void Ray (Chrono Boost)  
  36  3:02  Probe  
  36  3:03  Probe  
  42  3:14  Probe  
  42  3:15  Probe, Pylon  
  44  3:24  Gateway  
  44  3:26  Probe  
  45  3:27  Probe  
  45  3:30  Oracle (Chrono Boost)  
  49  3:38  Probe  
  49  3:39  Probe  
  51  3:47  Nexus  
  51  3:50  Pylon  
  51  3:52  Probe  
  51  3:53  Probe  
  53  3:57  Assimilator  
  53  3:59  Assimilator  
  53  4:04  Probe (Chrono Boost)  
  53  4:05  Stargate  
  53  4:08  Probe (Chrono Boost)  
  53  4:09  Pylon  
  55  4:15  Void Ray  
  56  4:20  Probe (Chrono Boost)  
  56  4:22  Probe (Chrono Boost)  
  61  4:27  Probe (Chrono Boost)  
  61  4:29  Probe (Chrono Boost)  
  61  4:30  Forge  
  63  4:34  Probe  
  63  4:35  Twilight Council  
  64  4:41  Probe (Chrono Boost)  
  65  4:46  Probe (Chrono Boost)  
  66  4:53  Void Ray x2  
  66  4:58  Probe (Chrono Boost)  
  66  4:59  Probe (Chrono Boost)  
  76  5:02  Probe (Chrono Boost)  
  76  5:03  Protoss Ground Weapons Level 1 (Chrono Boost)  
  76  5:04  Shield Battery  
  76  5:07  Probe (Chrono Boost), Charge  
  79  5:10  Probe x2 (Chrono Boost)  
  79  5:11  Pylon  
  81  5:14  Probe (Chrono Boost)  
  81  5:15  Probe (Chrono Boost)  
  81  5:17  Probe  
  83  5:21  Assimilator  
  83  5:24  Assimilator  
  83  5:25  Probe  
  83  5:26  Probe  
  85  5:29  Probe  
  85  5:35  Gateway, Robotics Facility  
  86  5:37  Probe  
  86  5:40  Pylon  
  86  5:41  Probe, Pylon  
  88  5:47  Probe, Templar Archives  
  88  5:49  Gateway  
  89  5:52  Gateway  
  89  5:53  Probe  
  90  6:00  Gateway  
  90  6:07  Gateway  
  90  6:09  Gateway  
  90  6:11  Gateway  
  90  6:14  Gateway  
  90  6:15  Photon Cannon  
  90  6:18  Shield Battery  
  90  6:21  Immortal (Chrono Boost)  
  90  6:22  Photon Cannon  
  94  6:26  High Templar x2  
  94  6:30  Shield Battery  
  98  6:33  Archon  
  98  6:36  Pylon, Shield Battery  
  98  6:38  Photon Cannon  
  98  6:39  High Templar  
  100  6:41  Shield Battery  
  100  6:44  High Templar  
  102  6:47  Photon Cannon  
  102  6:48  Archon  
  102  6:51  Immortal (Chrono Boost)  
  102  6:52  Shield Battery  
  102  6:53  Pylon  
  106  7:02  Shield Battery  
  106  7:07  Zealot x5  
  116  7:12  Sentry x2  
  116  7:14  Pylon  
  120  7:19  Zealot x2  
  101  7:31  Zealot x5  
  101  7:34  Immortal (Chrono Boost)  
  111  7:38  Shield Battery  
  111  7:39  Sentry x2  
  115  7:45  Zealot  
  115  7:48  Pylon  
  115  7:50  Zealot  
  117  7:55  Zealot  
  117  7:56  Zealot  
  111  8:01  Zealot x2  
  109  8:06  Warp Prism (Chrono Boost)  
  109  8:08  High Templar x4  
  115  8:14  Archon x2  
  115  8:15  Zealot  
  115  8:20  Zealot x2  
  115  8:24  Shield Battery  
  115  8:25  High Templar x2  
  123  8:31  Archon  
  113  8:39  Immortal (Chrono Boost), Robotics Bay  
  113  8:40  Robotics Facility  
  117  8:44  Pylon  
  115  8:49  Sentry x2  
  115  8:50  Sentry x2  
  113  9:00  Zealot x5  
  113  9:10  Pylon  
  107  9:21  Zealot x8  
  121  9:24  Disruptor x2 (Chrono Boost)  
  113  9:32  Zealot  
  115  9:42  Shield Battery  
  113  9:51  High Templar  
  113  9:52  High Templar, Zealot x5  
  119  9:53  Disruptor x2 (Chrono Boost), Zealot  
  119  9:56  Archon  
  131  10:06  Shield Battery  
  129  10:08  Shield Battery  
  125  10:15  Phoenix x2  
  129  10:23  Pylon, Zealot x6  
  129  10:25  Observer (Chrono Boost)  
  129  10:26  Disruptor (Chrono Boost)  
  145  10:40  Pylon  
  145  10:44  Pylon  
  145  10:50  Stalker x5  
  149  11:14  Stalker x2  
  149  11:15  Stalker x5  
  159  11:36  Zealot  
  161  11:43  Stalker x4  
  161  11:44  Stalker x3  
  117  11:58  Zealot  
  105  12:06  Zealot  
  105  12:07  Zealot x5  
Tags
 
Add a new tag
Caveats
  • Supply blocks, unpowered buildings, or Contaminate may cause inaccurate times.
  • Supply counts are checked every 10 seconds.